AoeStats
← Wolfram

Black Forest

508463416Analyzed
4v4 RM · 10d ago on Sep 22, 2026· 40m 53s· 8 players
Game mode
Random Map
Map size
Large (8 player)
Population
200
Speed
Normal
Resources
Standard
Victory
Conquest
Starting age
Dark Age
Ending age
Imperial Age
RankedLock teamsTeams togetherTeam positionsShared explorationLock speedFull tech treeHidden civsTurbo modeCheats
Victory
Defeat
🇩🇪 Hindustanis · Germany
1319
+12
🇩🇪 Vikings · Germany
1296
+13
🇷🇴 Danes · Romania
1280
+13
🇳🇦 Varangians · Namibia
1276
+14
🇯🇵 Magyars · Japan
1412
-20
🇲🇽 Varangians · Mexico
1307
-16
🇲🇽 Dravidians · Mexico
1122
-9
🇫🇷 Spanish · France
1066
-7
Wolfram
10:33 Feudal Age
11:07 Loom
14:23 Castle Age
12:52 Double-Bit Axe
15:33 Bow Saw
15:09 Horse Collar
21:06 Heavy Plow
22:12 Wheelbarrow
23:33 Hand Cart
26:04 Gold Mining
26:30 Town Watch
30:04 Imperial Age
28:34 Scale Barding Armor
28:38 Treadmill Crane
29:13 Bloodlines
30:19 Chain Barding Armor
30:10 Forging
30:34 Stone Mining
31:18 Conscription
32:03 Two-Man Saw
31:35 Crop Rotation
31:14 Caravan
31:46 Elite Jarl
33:56 Plate Barding Armor
33:56 Iron Casting
33:12 Fletching
34:12 Siege Engineers
37:27 Blast Furnace
36:23 Bodkin Arrow
38:53 Light Cavalry
39:34 Husbandry
39:53 Hussar
Sageata
2:35 Loom
12:32 Feudal Age
16:02 Castle Age
13:52 Double-Bit Axe
13:54 Horse Collar
17:46 Bow Saw
19:22 Heavy Plow
24:33 Wheelbarrow
26:28 Hand Cart
29:26 Imperial Age
27:24 Scale Mail Armor
27:32 Gold Mining
27:32 Stone Mining
27:39 Town Watch
27:52 Hamask
28:54 Squires
28:40 Gambesons
29:07 Forging
30:25 Elite Varangian Guard
31:33 Chain Mail Armor
31:15 Capped Ram
33:36 Conscription
34:42 Plate Mail Armor
34:33 Siege Ram
36:00 Elite Jomsviking
36:40 Northmen's Fury
37:37 Arson
40:15 Iron Casting
42:20 Blast Furnace
Sahiro
1:03 Loom
11:36 Feudal Age
15:09 Castle Age
13:26 Double-Bit Axe
15:11 Horse Collar
22:42 Heavy Plow
22:56 Bow Saw
23:45 Wheelbarrow
27:54 Gold Mining
27:55 Stone Mining
31:21 Imperial Age
30:40 Padded Archer Armor
30:31 Fletching
31:20 Masonry
33:11 Chemistry
34:48 Siege Engineers
37:04 Leather Archer Armor
37:43 Husbandry
37:53 Bloodlines
37:04 Heavy Camel Rider
38:19 Ring Archer Armor
37:55 Scale Barding Armor
38:00 Forging
38:33 Gold Shaft Mining
38:14 Hand Cart
39:03 Shatagni
ToTheAnd
0:49 Loom
11:24 Feudal Age
15:02 Castle Age
13:12 Horse Collar
14:12 Double-Bit Axe
18:00 Bow Saw
20:40 Heavy Plow
20:31 Gold Mining
20:33 Stone Mining
23:48 Gold Shaft Mining
24:02 Town Watch
28:49 Imperial Age
27:53 Scale Mail Armor
28:03 Forging
28:22 Squires
28:56 Ballistics
28:24 Arson
29:19 Elite Varangian Guard
30:37 Chain Mail Armor
30:07 Capped Ram
32:22 Iron Casting
32:18 Plate Mail Armor
34:43 Blast Furnace
35:35 Siege Ram
36:37 Conscription
36:45 Chieftains
39:12 Crop Rotation
39:43 Two-Man Saw
38:35 Fletching
derschulerin
4:20 Loom
4:25 Loom
11:22 Feudal Age
15:24 Castle Age
13:22 Double-Bit Axe
14:45 Forging
16:30 Bow Saw
23:04 Wheelbarrow
22:20 Horse Collar
27:47 Ballistics
27:18 Fletching
28:21 Scale Barding Armor
29:01 Heavy Plow
29:37 Gambesons
30:32 Bodkin Arrow
31:17 Gold Mining
33:48 Hand Cart
34:03 Chain Barding Armor
34:26 Bloodlines
34:17 Husbandry
37:25 Imperial Age
36:01 Iron Casting
37:39 Scale Mail Armor
37:31 Vendel Legacy
37:38 Cavalier
40:52 Blast Furnace
40:41 Plate Barding Armor
Quimimoshly06
6:05 Loom
14:19 Feudal Age
18:51 Castle Age
16:49 Loom
16:53 Town Watch
16:57 Double-Bit Axe
20:17 Loom
21:07 Wheelbarrow
20:31 Horse Collar
21:13 Bow Saw
21:52 Heavy Plow
29:16 Gold Mining
29:20 Stone Mining
32:03 Imperial Age
29:41 Fletching
29:51 Padded Archer Armor
30:07 Fortified Wall
31:11 Hand Cart
32:01 Ballistics
33:51 Chemistry
33:42 Leather Archer Armor
33:23 Bodkin Arrow
38:59 Squires
Digit
1:26 Loom
13:44 Feudal Age
18:54 Castle Age
30:55 Imperial Age
36:36 Horse Collar
38:27 Padded Archer Armor
claretta's skirt
11:28 Feudal Age
13:16 Double-Bit Axe
16:03 Castle Age
14:24 Horse Collar
17:52 Bow Saw
22:38 Heavy Plow
23:27 Fletching
23:40 Loom
24:38 Bodkin Arrow
27:59 Gold Mining
28:47 Wheelbarrow
33:05 Imperial Age
30:55 Hand Cart
30:47 Padded Archer Armor
30:54 Scale Barding Armor
31:35 Gold Shaft Mining
33:01 Ballistics
33:32 Thumb Ring
33:33 Corvinian Army
33:49 Bracer
34:05 Leather Archer Armor
34:54 Chemistry
34:20 Conscription
34:08 Recurve Bow
34:06 Heavy Cavalry Archer
36:03 Parthian Tactics
37:42 Ring Archer Armor
37:50 Bloodlines
37:40 Husbandry
Connection lost

Rejoining the realm…

Still unreachable

The connection could not be restored.

Session expired

The server has moved on; the page needs a fresh start.